 Dungeon Crawl Stone Soup version 0.22.1-2-g9c5b331 (webtiles) character file.

60 video the Caller (level 3, -4/24 HPs)
             Began as a Mummy Summoner on Nov 22, 2018.
             Was an Initiate of Sif Muna.
             Killed by divine providence
             ... invoked by an orc priest
              (14 damage)
             ... on level 3 of the Dungeon.
             The game lasted 00:11:53 (3003 turns).

video the Caller (Mummy Summoner)                   Turns: 3003, Time: 00:11:57

Health: -4/24      AC:  2    Str: 11    XL:     3   Next: 80%
Magic:  1/8        EV: 12    Int: 15    God:    Sif Muna [......]
Gold:   49         SH:  0    Dex: 12    Spells: 2/9 levels left

rFire    x . .     SeeInvis .   b - +0 dagger
rCold    + . .     Gourm    .   (no shield)
rNeg     + + +     Faith    .   a - +0 robe
rPois    ∞         Spirit   .   (no helmet)
rElec    .         Reflect  .   (no cloak)
rCorr    +         Harm     .   (no gloves)
MR       .....                  (no boots)
Stlth    +++.......             k - amulet of the acrobat
HPRegen  0.08/turn              e - ring of stealth
MPRegen  0.11/turn              j - ring of resist corrosion

@: no status effects
A: no food or potions, fire vulnerability, cold resistance 1, negative energy
resistance 3, torment resistance, unbreathing
a: Renounce Religion


You were on level 3 of the Dungeon.
You worshipped Sif Muna.
Sif Muna was noncommittal.
You were not hungry.

You visited 1 branch of the dungeon, and saw 3 of its levels.

You collected 49 gold pieces.

Inventory:

Hand Weapons
 b - a +0 dagger (weapon)
Armour
 a - a +0 robe (worn)
Jewellery
 e - a ring of stealth (left hand)
 j - a ring of resist corrosion (right hand)
 k - an amulet of the acrobat (around neck)
Wands
 h - a wand of random effects (42)
Scrolls
 c - a scroll of remove curse
 d - a scroll of magic mapping {unknown}
 f - a scroll of fear {unknown}
 g - a scroll of enchant weapon {unknown}
 i - a scroll of teleportation


   Skills:
 + Level 0.1 Short Blades
 + Level 1.6 Dodging
 + Level 1.8 Stealth
 + Level 3.7 Spellcasting
 + Level 4.0 Summonings


You had 2 spell levels left.
You knew the following spells:

 Your Spells              Type           Power        Failure   Level  Hunger
a - Summon Small Mammal   Summ           ##..         3%          1    N/A
b - Summon Guardian Gole  Hex/Summ       #.......     24%         3    N/A
c - Call Canine Familiar  Summ           ##......     11%         3    N/A

Your spell library contained the following spells:

 Spells                   Type           Power        Failure   Level  Hunger
 Call Imp                 Summ           ##......     5%          2    N/A
 Summon Ice Beast         Ice/Summ       #.......     63%         4    N/A
 Summon Lightning Spire   Summ/Air       #.......     63%         4    N/A

Dungeon Overview and Level Annotations

Branches:
Dungeon (3/15)

Altars:
Sif Muna


Innate Abilities, Weirdness & Mutations

You do not eat or drink.
Your flesh is vulnerable to fire.
You are immune to poison.
Your flesh is cold resistant. (rC+)
You are immune to negative energy. (rN+++)
You are immune to unholy pain and torment.
You can survive without breathing.


Message History

The orc priest calls down the wrath of Beogh upon you.
Beogh smites you!
Ouch! That really hurt!
Your bat closely misses the orc.
The orc priest casts a cantrip, but nothing happens.
The orc closely misses your hound. The orc hits your bat with a hand axe.
Your bat dies!
Your bat's corpse disappears in a puff of smoke!
Your hound bites the orc.
Your bat hits the orc.
Your hound closely misses the orc.
The orc hits your hound but does no damage.
Your hound bites the orc.
The orc hits your bat with a club.
Your bat hits the orc priest but does no damage.
Your hound misses the orc.
The orc hits your hound with a hand axe.
The orc priest mumbles some strange prayers to Beogh against you.
Beogh smites you!
Ouch! That really hurt!
You die...

........†(h...# #..............#
.%..###....)..###...#############
....# #####ooh..#....# #.o.w..
....# ##....#.#..######.#####
....##########o.#....#o.o.o...#.o
..............oo#....#.####.#.#.#
###.#######....b#.#....# o# #..
......# #...#.#[#.#..# ## ###
....#†#####...#.@.#.#..# #
#####.........##).#.#..# ###
#######.......##..#.#..# #..
#.............##.......## ###
#.#########...###.#.....# #...#
#...#...######### #...#
##..##........... #####
#..##.########## #..##.#


You could see 2 orc priests, 2 orcs, a friendly hound and a friendly bat.

Vanquished Creatures
  An adder (D:3)
  2 dart slugs (D:1)
  2 leopard geckos
  2 giant cockroaches (D:1)
  A goblin (D:1)
  A hobgoblin (D:2)
  5 kobolds (D:1)
  A bat (D:1)
  A frilled lizard (D:2)
  2 rats
18 creatures vanquished.

Vanquished Creatures (collateral kills)
  An adder (D:3)
  A leopard gecko (D:1)
  4 orcs
  4 goblins
  2 hobgoblins
  4 kobolds
  2 quokkas (D:3)
  2 ball pythons (D:1)
  4 bats
  A frilled lizard (D:1)
  3 rats
28 creatures vanquished.

Grand Total: 46 creatures vanquished

Notes
Turn   | Place    | Note
-------+----------+-------------------------------------------
     0 | D:1      | video the Mummy Summoner began the quest for the Orb.
     0 | D:1      | Reached XP level 1. HP: 13/13 MP: 4/4
   534 | D:1      | Reached XP level 2. HP: 19/19 MP: 3/5
  1590 | D:2      | Reached XP level 3. HP: 20/24 MP: 4/7
  1983 | D:2      | Found a deep blue altar of Sif Muna.
  1989 | D:2      | Became a worshipper of Sif Muna the Loreminder
  2009 | D:3      | Learned a level 3 spell: Summon Guardian Golem
  2013 | D:3      | Learned a level 3 spell: Call Canine Familiar
  2113 | D:3      | Reached skill level 4 in Summonings
  3003 | D:3      | Killed from afar by an orc priest

Skill      XL: |  1  2  3 |
---------------+----------+-----
Spellcasting   | 3 |  3.7
Summonings     | 4 |  4.0
Short Blades   | |  0.1
Dodging        | |  1.6
Stealth        | |  1.8

Action                   || total
-------------------------++-------
Melee: Dagger            ||   123
       Unarmed           ||     4
 Cast: Summon Small Mamm ||    48
       Call Canine Famil ||     6
       Summon Guardian G ||     2
  Use: Scroll            ||     2
Armor: Robe              ||    33
Dodge: Dodged            ||   107
